 Dungeon Crawl Stone Soup version 0.29.1-12-g30fa7ad0bf (webtiles) character file.

Game seed: 1586086554248381096

281 MisterFreud the Twirler (level 6, 0/47 HPs)
             Began as a Formicid Gladiator on Jan 16, 2023.
             Slain by a centaur warrior (10 damage)
             ... on level 10 of the Dungeon.
             The game lasted 00:03:54 (3507 turns).

MisterFreud the Twirler (Formicid Gladiator)        Turns: 3507, Time: 00:03:55

Health: 0/47       AC: 11    Str: 20    XL:     6   Next: 53%
Magic:  6/6        EV:  8    Int:  8    God:
Gold:   140        SH:  0    Dex: 15    Spells: 5/5 levels left

rFire   . . .      SeeInvis +   a - +0 quarterstaff
rCold   . . .      Faith    .   t - orb {light}
rNeg    . . .      Spirit   .   q - +0 chain mail
rPois   .          Reflect  .   (helmet unavailable)
rElec   .          Harm     .   i - +0 cloak
rCorr   .          Rampage  .   (no gloves)
Will    .....                   n - +0 pair of boots
Stlth   ..........              (no amulet)
HPRegen 0.15/turn               (no ring)
MPRegen 0.10/turn               (no ring)

@: glowing
A: permanent stasis, dig shafts and tunnels, antennae 3, four strong arms
a: Dig, Shaft Self


You were on level 10 of the Dungeon.
You visited 1 branch of the dungeon, and saw 7 of its levels.

You collected 195 gold pieces.
You spent 55 gold pieces at shops.

Inventory:

Hand Weapons
 a - a +0 quarterstaff (weapon)
Missiles
 c - 4 throwing nets (quivered)
 d - a javelin
 f - 13 poisoned darts
Armour
 b - a +0 leather armour
 i - a +0 cloak (worn)
 n - a +0 pair of boots (worn)
 q - a +0 chain mail (worn)
 t - an orb of light (worn)
Wands
 e - a wand of light (11)
Scrolls
 h - a scroll of amnesia
Potions
 g - a potion of attraction {unknown}
 j - 3 potions of haste {unknown}
 m - 2 potions of curing
 o - 2 potions of cancellation
 s - 3 potions of brilliance
 u - a potion of lignification {unknown}


   Skills:
 + Level 3.3 Fighting
 - Level 6.0 Staves
 - Level 2.0 Throwing
 + Level 2.2 Armour
 - Level 2.6 Dodging


You had 5 spell levels left.
You didn't know any spells.
Your spell library was empty.

Dungeon Overview and Level Annotations

Branches:
Dungeon (5/15)
 Temple: D:4-7

Altars:
Makhleb
Trog
Vehumet

Shops:
D:4 *

Annotations:
D:3 2 transporters, Garym's ghost, amateur MiFi
D:4 Grinder


Innate Abilities, Weirdness & Mutations

You cannot be hasted, slowed, berserked, paralysed or teleported.
You can dig through walls and to a lower floor.
You have a pair of large antennae on your head. (SInv)
Your four strong arms can wield two-handed weapons with a shield.


Message History

You sock the centaur warrior!
The centaur warrior is heavily wounded.
The centaur warrior hits you. The centaur warrior barely misses you.
You hit the centaur warrior.
The centaur warrior is heavily wounded.
The centaur warrior hits you.
The centaur warrior kicks you but does no damage.
The centaur warrior hits you but does no damage.
The centaur warrior kicks you.
You barely miss the centaur warrior.
The centaur warrior is heavily wounded.
The centaur warrior completely misses you.
The centaur warrior kicks you but does no damage.
You hit the centaur warrior.
The centaur warrior is heavily wounded.
The centaur warrior barely misses you.
The centaur warrior kicks you but does no damage.
The centaur warrior hits you!
* * * LOW HITPOINT WARNING * * *
The centaur warrior kicks you but does no damage.
Unknown command.
You feel much better.
The centaur warrior hits you but does no damage.
The centaur warrior kicks you but does no damage.
You hit the centaur warrior.
The centaur warrior is severely wounded.
The centaur warrior barely misses you. x2; The centaur warrior hits you!
The centaur warrior kicks you but does no damage.
You hit the centaur warrior but do no damage.
The centaur warrior is heavily wounded.
The centaur warrior hits you!
* * * LOW HITPOINT WARNING * * *
The centaur warrior kicks you but does no damage.
You sock the centaur warrior!
The centaur warrior is severely wounded.
The centaur warrior hits you but does no damage.
The centaur warrior kicks you.
* * * LOW HITPOINT WARNING * * *
The centaur warrior hits you!
You die...

#.....#.......#.###
#######.#.....#
#.#.....#
#.#........
########....#####.#
#............... .
#.#.............
#.#.......####
#@#.####### #c#.#
#.#.# #.#.# #.#.#
#.#.# #.#.. ...


You could see a centaur warrior.

Vanquished Creatures
  A bullfrog (D:5)
  Jessica (D:2)
  5 gnolls
  7 adders
  An ufetubus (D:5)
  A worm (D:2)
  A dart slug (D:3)
  5 endoplasms
  A giant cockroach (D:1)
  4 goblins
  5 hobgoblins
  7 jackals
  11 kobolds
  2 quokkas
  10 ball pythons
  6 bats
  A frilled lizard (D:3)
  3 rats
72 creatures vanquished.

Notes
Turn   | Place    | Note
-------+----------+-------------------------------------------
     0 | D:1      | MisterFreud the Formicid Gladiator began the quest for the
                  | Orb.
     0 | D:1      | Reached XP level 1. HP: 16/16 MP: 1/1
   339 | D:1      | Reached XP level 2. HP: 22/22 MP: 2/2
   970 | D:1      | Found a faded altar of an unknown god.
  1048 | D:1      | Reached skill level 4 in Staves
  1048 | D:1      | Reached XP level 3. HP: 26/27 MP: 3/3
  1299 | D:2      | Noticed Jessica
  1304 | D:2      | Killed Jessica
  1305 | D:2      | Reached XP level 4. HP: 29/33 MP: 4/4
  2008 | D:3      | Reached skill level 5 in Staves
  2056 | D:3      | Reached XP level 5. HP: 38/38 MP: 5/5
  2197 | D:3      | Found a burning altar of Makhleb.
  2209 | D:3      | Noticed Garym's ghost (amateur MiFi)
  2223 | D:3      | Found a transporter.
  2389 | D:3      | Found a transporter.
  2668 | D:4      | Found a bloodstained altar of Trog.
  2811 | D:4      | Reached skill level 6 in Staves
  2826 | D:4      | Found Kuomiwom's General Store.
  2829 | D:4      | Bought a potion of heal wounds for 55 gold pieces
  2949 | D:4      | Noticed an ogre
  2949 | D:4      | Noticed Grinder
  2964 | D:5      | Entered Level 5 of the Dungeon
  3003 | D:5      | Reached XP level 6. HP: 46/46 MP: 6/6
  3017 | D:5      | Reached skill level 1 in Armour
  3040 | D:5      | Found a radiant altar of Vehumet.
  3040 | D:5      | Noticed an ogre
  3046 | D:5      | You fall into a shaft and drop 2 floors!
  3179 | D:7      | Noticed a cyclops
  3179 | D:7      | Noticed a kobold demonologist
  3179 | D:7      | Noticed a shadow
  3179 | D:7      | Noticed a komodo dragon
  3179 | D:7      | Noticed an orc warrior
  3189 | D:7      | Noticed an acid dragon
  3212 | D:7      | Noticed a wyvern
  3220 | D:7      | You fall into a shaft and drop 3 floors!
  3220 | D:10     | Entered Level 10 of the Dungeon
  3495 | D:10     | Noticed a centaur warrior
  3507 | D:10     | Slain by a centaur warrior

Illustrated notes

Levels and vault maps discovered:
D:1:      dpeg_arrival_pond, layout_basic, ebering_ecumenical_altar_sacrificial
D:2:      layout_rooms, uniq_jessica
D:3:      layout_basic, nicolae_overflow_crystal_walls,
          gammafunk_ghost_stat_death, nicolae_titane
D:4:      layout_basic, led_sif_book, bloody_trog, serial_shops,
          nicolae_shop_trees, minmay_misc_feat_columns, uniq_grinder
D:5:      layout_basic, nicolae_vehumet_radiance
D:7:      minmay_the_grid_octo_2x2 [minmay_the_grid_octo_pinwheel,
          minmay_the_grid_octo_77, minmay_the_grid_octo_checkerflower,
          minmay_the_grid_octo_prize_big_c], layout_loops_ring,
          nicolae_yredelemnul_ghost_church, fedhas_altar_4, uniq_pikel
D:10:     layout_basic, grunt_temple_overflow_order_and_chaos_1, uniq_harold,
          uniq_fannar, uniq_nergalle

Skill      XL: |  1  2  3  4  5  6 |
---------------+-------------------+-----
Staves         | 4 5 6 |  6.0
Armour         | 2 |  2.2
Fighting       | 3 |  3.3
Throwing       | |  2.0
Dodging        | |  2.6

Action                   |  1- 3 |  4- 6 || total
-------------------------+-------+-------++-------
Melee: Quarterstaff      |    61 |   136 ||   197
       Punch             |       |     1 ||     1
 Abil: Shaft Self        |       |     2 ||     2
  Use: Scroll            |       |     7 ||     7
       Potion            |       |     2 ||     2
Armor: Leather armour    |    28 |     2 ||    30
       Chain mail        |       |    97 ||    97
Dodge: Dodged            |    42 |    75 ||   117
